 Dungeon Crawl Stone Soup version 0.21.1-1-g345015f (webtiles) character file.

4456 manyhoops the Protected (level 10, -5/74 HPs)
             Began as a Gnoll Wanderer on Apr 18, 2018.
             Was a Priest of Wu Jian.
             Slain by a two-headed ogre
             ... wielding a +0 giant club
              (16 damage)
             ... on level 8 of the Dungeon.
             The game lasted 00:12:43 (6268 turns).

manyhoops the Protected (Gnoll Wanderer)            Turns: 6268, Time: 00:12:44

Health: -5/74      AC: 14    Str: 28    XL:     10   Next: 37%
Magic:  18/18      EV: 13    Int: 16    God:    Wu Jian [***...]
Gold:   340        SH:  6    Dex: 14    Spells: 10/20 levels left

rFire    . . .     SeeInvis .   w - +0 war axe
rCold    . . .     Gourm    .   n - +1 buckler
rNeg     . . .     Faith    +   a - +2 scale mail
rPois    +         Spirit   .   (helmet restricted)
rElec    .         Reflect  .   B - +1 cloak of the Commoners {Str+6}
rCorr    .         Harm     .   (no gloves)
MR       +....                  (no boots)
Stlth    ++........             F - amulet of faith
HPRegen  0.62/turn              (no ring)
MPRegen  0.16/turn              l - +6 ring of protection

@: mighty, corroded
A: distributed training, antennae 1, fangs 1, magic resistance 1, poison
resistance, regeneration 1, strong nose
a: Wall Jump, Serpent's Lash, Renounce Religion


You were on level 8 of the Dungeon.
You worshipped Wu Jian.
Wu Jian was most pleased with you.
You were hungry.

You visited 1 branch of the dungeon, and saw 8 of its levels.
You also visited: Sewer.

You collected 340 gold pieces.

Inventory:

Hand Weapons
 b - a +1 hand axe
 w - a +0 war axe (weapon)
Armour
 a - a +2 scale mail (worn)
 n - a +1 buckler (worn)
 B - the +1 cloak of the Commoners (worn) {Str+6}
   (You found it on level 8 of the Dungeon)

   It affects your strength (+6).
Jewellery
 f - an uncursed ring of flight
 l - a +6 ring of protection (right hand)
 F - an amulet of faith (around neck)
Wands
 x - a wand of digging (5)
 C - a wand of polymorph (11)
Scrolls
 e - a scroll of remove curse
 g - a scroll of immolation
 i - a scroll of enchant weapon
 k - a scroll of fear
 p - 3 scrolls of teleportation
 q - 2 scrolls of enchant armour
 y - 2 scrolls of magic mapping
 A - a scroll of fog
 D - a scroll of blinking {unknown}
Potions
 h - a potion of berserk rage {unknown}
 j - 3 potions of curing
 o - a potion of cancellation {unknown}
 r - 2 potions of flight
 s - a potion of agility
 t - a potion of might
 u - a potion of mutation
 v - a potion of lignification {unknown}
 z - a potion of resistance {unknown}
Books
 c - the Volume of Air

   Spells                             Type                      Level
   a - Swiftness                      Charms/Air                   2
   b - Poisonous Vapours              Poison/Air                   2
 m - a book of Cantrips

   Spells                             Type                      Level
   a - Confusing Touch                Hexes                        1
   b - Animate Skeleton               Necromancy                   1
   c - Summon Small Mammal            Summoning                    1
   d - Apportation                    Translocation                1
 E - a book of Minor Magic

   Spells                             Type                      Level
   a - Magic Dart                     Conjuration                  1
   b - Blink                          Translocation                2
   c - Call Imp                       Summoning                    2
   d - Slow                           Hexes                        2
   e - Conjure Flame                  Conjuration/Fire             3
   f - Mephitic Cloud                 Conjuration/Poison/Air       3
Comestibles
 d - 15 rations


   Skills:
 + Level 5.1 Fighting
 + Level 5.1 Short Blades
 + Level 5.1 Long Blades
 + Level 6.9 Axes
 + Level 5.1 Maces & Flails
 + Level 5.1 Polearms
 + Level 5.1 Staves
 + Level 5.1 Slings
 + Level 5.1 Bows
 + Level 5.1 Crossbows
 + Level 5.1 Throwing
 + Level 8.4 Armour
 + Level 5.1 Dodging
 + Level 5.1 Stealth
 + Level 5.1 Shields
 + Level 5.1 Unarmed Combat
 + Level 5.9 Spellcasting
 + Level 4.2 Conjurations
 + Level 4.2 Hexes
 + Level 4.2 Charms
 + Level 4.2 Summonings
 + Level 4.2 Necromancy
 + Level 4.2 Translocations
 + Level 4.2 Transmutations
 + Level 4.2 Fire Magic
 + Level 4.2 Ice Magic
 + Level 4.8 Air Magic
 + Level 4.2 Earth Magic
 + Level 4.8 Poison Magic
 + Level 5.6 Invocations
 + Level 6.9 Evocations


You had 10 spell levels left.
You knew the following spells:

 Your Spells              Type           Power        Failure   Level  Hunger
a - Swiftness             Chrm/Air       ###.....     6%          2    #......
b - Poisonous Vapours     Pois/Air       ###...       5%          2    #......
c - Conjure Flame         Conj/Fire      ###.....     14%         3    ##.....
d - Blink                 Tloc           N/A          7%          2    #......
e - Summon Small Mammal   Summ           ###.         4%          1    None


Dungeon Overview and Level Annotations

Branches:
Dungeon (8/15)             Temple (0/1) D:5            Lair (0/6) D:8

Altars:
Gozag
Kikubaaqudgha
Okawaru
Sif Muna
Wu Jian
Xom
Yredelemnul


Innate Abilities, Weirdness & Mutations

Your experience applies equally to all skills.
You have very sharp teeth.
Your uncanny sense of smell can sniff out nearby items.
You have a pair of small antennae on your head.
You are resistant to hostile enchantments. (MR+)
Your system is resistant to poisons. (rPois)
Your natural rate of healing is unusually fast.


Message History

Unknown command.
You are too injured to fight recklessly!
Unknown command.
You are too injured to fight recklessly!
Unknown command.
You are too injured to fight recklessly!
It was a potion of might.
You feel very mighty all of a sudden. The two-headed ogre closely misses you.
The two-headed ogre hits you but does no damage.
You barely miss the two-headed ogre. You bite the two-headed ogre!
The two-headed ogre is moderately wounded.
The two-headed ogre hits you with a giant club!!
* * * LOW HITPOINT WARNING * * *
The two-headed ogre barely misses you.
You closely miss the two-headed ogre.
The two-headed ogre is moderately wounded.
The orc priest casts a cantrip, but nothing happens.
The two-headed ogre hits you with a giant club!
You die...

## ...##
.....#####
.......#o##
......)oO)#
......).#@##
......)..#.##
.........#..#
.........#..##
.........##..##
.........##...#
##........#...##
#######..#....###
###.......##


You could see a two-headed ogre, an orc priest and an orc wizard.

Vanquished Creatures
  Grinder (D:5)
  A human (D:7)
  3 hogs (D:7)
  A yak (D:7)
  A hungry ghost (D:7)
  2 hell hounds (D:8)
  An ice beast (D:5)
  4 sky beasts
  A black bear (D:6)
  A phantom (D:4)
  A necrophage (D:7)
  2 ogres (D:7)
  5 centaurs
  A bullfrog (D:8)
  A big kobold (Sewer)
  A water moccasin zombie (D:6)
  A wyvern skeleton (D:7)
  3 scorpions
  5 killer bees (D:8)
  9 wights
  A crimson imp (D:5)
  2 centaur zombies
  2 hounds
  2 jellies
  7 orc priests
  4 orc wizards
  2 centaur skeletons
  An iguana (D:6)
  3 worker ants
  A hound skeleton (D:7)
  7 adders
  4 river rats
  An ooze (D:6)
  An adder skeleton (D:8)
  2 worms
  3 dart slugs
  5 leopard geckos
  34 orcs
  6 giant cockroaches
  7 goblins
  8 hobgoblins
  2 jackals (Sewer)
  4 quokkas
  4 ball pythons
  5 bats
  6 frilled lizards
  A jackal zombie (D:7)
  10 kobolds
  2 leopard gecko skeletons
  9 rats
191 creatures vanquished.

Notes
Turn   | Place    | Note
-------+----------+-------------------------------------------
     0 | D:1      | manyhoops the Gnoll Wanderer began the quest for the Orb.
     0 | D:1      | manyhoops set off with: a +2 scale mail, a +0 hand axe, the Volume of Air, a ration
     0 | D:1      | Reached XP level 1. HP: 13/13 MP: 4/4
    40 | D:1      | Identified the Volume of Air
   154 | D:1      | Reached XP level 2. HP: 16/19 MP: 5/5
   726 | D:2      | Reached XP level 3. HP: 24/25 MP: 7/7
   787 | D:2      | Reached skill level 1 in Invocations
   816 | D:2      | Reached skill level 1 in Fighting
   816 | D:2      | Reached skill level 1 in Short Blades
   816 | D:2      | Reached skill level 1 in Long Blades
   816 | D:2      | Reached skill level 1 in Maces & Flails
   816 | D:2      | Reached skill level 1 in Polearms
   816 | D:2      | Reached skill level 1 in Staves
   816 | D:2      | Reached skill level 1 in Slings
   816 | D:2      | Reached skill level 1 in Bows
   816 | D:2      | Reached skill level 1 in Crossbows
   816 | D:2      | Reached skill level 1 in Throwing
   816 | D:2      | Reached skill level 1 in Dodging
   816 | D:2      | Reached skill level 1 in Stealth
   816 | D:2      | Reached skill level 1 in Shields
   816 | D:2      | Reached skill level 1 in Unarmed Combat
   844 | D:2      | Reached XP level 4. HP: 32/32 MP: 8/8
  1361 | D:3      | Reached skill level 1 in Conjurations
  1361 | D:3      | Reached skill level 1 in Hexes
  1361 | D:3      | Reached skill level 1 in Charms
  1361 | D:3      | Reached skill level 1 in Summonings
  1361 | D:3      | Reached skill level 1 in Necromancy
  1361 | D:3      | Reached skill level 1 in Translocations
  1361 | D:3      | Reached skill level 1 in Transmutations
  1361 | D:3      | Reached skill level 1 in Fire Magic
  1361 | D:3      | Reached skill level 1 in Ice Magic
  1361 | D:3      | Reached skill level 1 in Earth Magic
  1671 | D:3      | Found an iron altar of Okawaru.
  1719 | D:3      | Found an opulent altar of Gozag.
  1857 | D:3      | Reached XP level 5. HP: 31/37 MP: 9/9
  1864 | D:3      | Gained mutation: Your natural rate of healing is unusually fast. [potion of mutation]
  1864 | D:3      | Gained mutation: Your system is resistant to poisons. (rPois) [potion of mutation]
  1864 | D:3      | Gained mutation: You are resistant to hostile enchantments. (MR+) [potion of mutation]
  1864 | D:3      | Gained mutation: You have a pair of small antennae on your head. [potion of mutation]
  2320 | D:4      | Found a glowing drain.
  2326 | D:4      | Reached XP level 6. HP: 44/44 MP: 10/10
  2346 | Sewer    | Entered a sewer
  2424 | Sewer    | Reached skill level 5 in Axes
  2424 | Sewer    | Reached skill level 5 in Evocations
  2450 | Sewer    | Found a white marble altar of Elyvilon.
  2790 | D:4      | Noticed a phantom
  2840 | D:4      | Killed a phantom
  2894 | D:4      | Reached XP level 7. HP: 46/50 MP: 12/12
  2920 | D:4      | Found an ornate altar of the Wu Jian Council.
  2970 | D:4      | Became a worshipper of the Wu Jian Council
  2986 | D:5      | Entered Level 5 of the Dungeon
  3029 | D:5      | Reached skill level 7 in Armour
  3472 | D:5      | Noticed Grinder
  3484 | D:5      | Found a staircase to the Ecumenical Temple.
  3490 | D:5      | Killed Grinder
  3490 | D:5      | Reached XP level 8. HP: 41/58 MP: 12/14
  3715 | D:6      | Reached * piety under Wu Jian
  3850 | D:6      | Found a basalt altar of Yredelemnul.
  4306 | D:6      | Reached XP level 9. HP: 64/65 MP: 16/16
  4423 | D:7      | Found a shimmering altar of Xom.
  4797 | D:7      | Reached skill level 5 in Spellcasting
  4961 | D:7      | Reached skill level 8 in Armour
  4962 | D:7      | Reached skill level 5 in Invocations
  4974 | D:7      | Reached ** piety under Wu Jian
  5027 | D:7      | Identified a scroll of acquirement
  5097 | D:7      | Reached XP level 10. HP: 73/73 MP: 18/18
  5334 | D:8      | Found an ancient bone altar of Kikubaaqudgha.
  5505 | D:8      | Reached skill level 5 in Fighting
  5505 | D:8      | Reached skill level 5 in Short Blades
  5505 | D:8      | Reached skill level 5 in Long Blades
  5505 | D:8      | Reached skill level 5 in Maces & Flails
  5505 | D:8      | Reached skill level 5 in Polearms
  5505 | D:8      | Reached skill level 5 in Staves
  5505 | D:8      | Reached skill level 5 in Slings
  5505 | D:8      | Reached skill level 5 in Bows
  5505 | D:8      | Reached skill level 5 in Crossbows
  5505 | D:8      | Reached skill level 5 in Throwing
  5505 | D:8      | Reached skill level 5 in Dodging
  5505 | D:8      | Reached skill level 5 in Stealth
  5505 | D:8      | Reached skill level 5 in Shields
  5505 | D:8      | Reached skill level 5 in Unarmed Combat
  5769 | D:8      | Got a translucent cloak
  5790 | D:8      | Identified the +1 cloak of the Commoners {Str+6} (You found it on level 8 of the Dungeon)
  5893 | D:8      | Found a deep blue altar of Sif Muna.
  5913 | D:8      | Learned a level 2 spell: Swiftness
  5916 | D:8      | Learned a level 2 spell: Poisonous Vapours
  5920 | D:8      | Learned a level 3 spell: Conjure Flame
  5923 | D:8      | Learned a level 2 spell: Blink
  5925 | D:8      | Learned a level 1 spell: Summon Small Mammal
  5925 | D:8      | Found a staircase to the Lair.
  6187 | D:8      | Reached *** piety under Wu Jian
  6256 | D:8      | Noticed a two-headed ogre
  6268 | D:8      | Slain by a two-headed ogre

Skill      XL: |  1  2  3  4  5  6  7  8  9 10 |
---------------+-------------------------------+-----
Air Magic      | 2 3 4 |  4.8
Poison Magic   | 2 3 4 |  4.8
Invocations    | 1 2 3 4 5 |  5.6
Fighting       | 1 2 3 4 5 |  5.1
Short Blades   | 1 2 3 4 5 |  5.1
Long Blades    | 1 2 3 4 5 |  5.1
Maces & Flails | 1 2 3 4 5 |  5.1
Polearms       | 1 2 3 4 5 |  5.1
Staves         | 1 2 3 4 5 |  5.1
Slings         | 1 2 3 4 5 |  5.1
Bows           | 1 2 3 4 5 |  5.1
Crossbows      | 1 2 3 4 5 |  5.1
Throwing       | 1 2 3 4 5 |  5.1
Dodging        | 1 2 3 4 5 |  5.1
Stealth        | 1 2 3 4 5 |  5.1
Shields        | 1 2 3 4 5 |  5.1
Unarmed Combat | 1 2 3 4 5 |  5.1
Spellcasting   | 3 4 5 |  5.9
Conjurations   | 1 2 3 4 |  4.2
Hexes          | 1 2 3 4 |  4.2
Charms         | 1 2 3 4 |  4.2
Summonings     | 1 2 3 4 |  4.2
Necromancy     | 1 2 3 4 |  4.2
Translocations | 1 2 3 4 |  4.2
Transmutations | 1 2 3 4 |  4.2
Fire Magic     | 1 2 3 4 |  4.2
Ice Magic      | 1 2 3 4 |  4.2
Earth Magic    | 1 2 3 4 |  4.2
Axes           | 5 6 |  6.9
Evocations     | 5 6 |  6.9
Armour         | 7 8 |  8.4

Action                   |  1- 3 |  4- 6 |  7- 9 | 10-12 || total
-------------------------+-------+-------+-------+-------++-------
Melee: Hand axe          |    89 |   285 |    42 |       ||   416
       Bite              |    10 |    29 |    37 |    23 ||    99
       War axe           |       |       |   339 |   221 ||   560
       Punch             |       |       |     2 |       ||     2
 Cast: Summon Small Mamm |       |       |       |     2 ||     2
Invok: Lunge             |       |       |    15 |     8 ||    23
       Whirlwind         |       |       |     3 |     1 ||     4
       Wall Jump         |       |       |       |     7 ||     7
  Use: Scroll            |       |     8 |     7 |     3 ||    18
       Potion            |       |     2 |     2 |     2 ||     6
 Stab: Sleeping          |       |       |       |     1 ||     1
  Eat: Chunk             |       |     6 |     6 |     4 ||    16
       Ration            |       |       |     3 |       ||     3
Armor: Scale mail        |    47 |   131 |   241 |    95 ||   514
Dodge: Dodged            |    49 |   161 |   214 |   150 ||   574
Block: Buckler           |       |       |    32 |    95 ||   127
